 Dungeon Crawl Stone Soup version 0.32-a0-128-g77eb882913 (webtiles) character file.

Game seed: 15312690302130712429

1265 hikkokomori the Charlatan (level 8, -1/78 HPs)
             Began as a Troll Fighter on Feb 8, 2024.
             Slain by a scorpion (5 damage)
             ... on level 5 of the Dungeon.
             The game lasted 00:06:57 (3437 turns).

hikkokomori the Charlatan (Troll Fighter)           Turns: 3437, Time: 00:06:58

Health: -1/78      AC:  4    Str: 25    XL:     8   Next: 27%
Magic:  7/7        EV:  9    Int:  4    God:
Gold:   263        SH:  8    Dex: 11    Spells: 3/7 levels left

rFire   . .          .
                       - Unarmed
rCold   . . .        b - +0 kite shield
rNeg    . . .        a - +0 robe
rPois   .            (helmet restricted)
rElec   .            (no cloak)
rCorr   .            (gloves unavailable)
SInv    .            (boots unavailable)
Will    .....        (no amulet)
Stlth   +            j - ring of wizardry
HPRegen 1.13/turn    (no ring)
MPRegen 0.10/turn

%: wizardry (x1)
@: lethally poisoned (-1 -> -15)
A: large, unfitting armour, claws 3, regeneration 1, shaggy fur 1, tough skin 1
a: no special abilities


You were on level 5 of the Dungeon.
You visited 1 branch of the dungeon, and saw 5 of its levels.

You collected 263 gold pieces.

Inventory:

Missiles
 k - 10 boomerangs (quivered)
Armour
 a - a +0 robe (worn)
 b - a +0 kite shield (worn)
 p - a scarf of harm
Jewellery
 j - a ring of wizardry (left claw)
Wands
 m - a wand of iceblast (8)
 o - a wand of charming (6)
Scrolls
 f - a scroll of fear {unknown}
 g - a scroll of noise {unknown}
 h - a scroll of teleportation {unknown}
 i - a scroll of amnesia {unknown}
 l - a scroll of immolation {unknown}
 q - a scroll of identify {unknown}
 r - a scroll of silence {unknown}
 s - a scroll of enchant weapon {unknown}
Potions
 c - 2 potions of might
 d - 3 potions of heal wounds {unknown}
 e - 3 potions of curing
 n - a potion of invisibility {unknown}


   Skills:
 - Level 4.0 Fighting
 - Level 4.0 Throwing
 - Level 3.0 Dodging
 - Level 4.1 Shields
 - Level 4.0 Unarmed Combat
 + Level 4.3 Evocations


You had 3 spell levels left.
You knew the following spells:

 Your Spells              Type           Power      Damage    Failure   Level
a - Blink                 Tloc           0%         N/A       54%         2
b - Call Imp              Summ           0%         N/A       54%         2

Your spell library contained the following spells:

 Spells                   Type           Power      Damage    Failure   Level
 Magic Dart               Conj           0%         1d3       41%         1
 Sandblast                Erth           0%         2d4       41%         1
 Lesser Beckoning         Tloc           0%         N/A       54%         2
 Momentum Strike          Conj/Tloc      0%         3d8       54%         2
 Passwall                 Erth           0%         N/A       77%         3
 Stone Arrow              Conj/Erth      0%         3d7       77%         3
 Brom's Barrelling Bould  Conj/Erth      0%         2d3       98%         4


Dungeon Overview and Level Annotations

Branches:
Dungeon (5/15)
 Temple: D:4-7

Altars:
Gozag


Innate Abilities, Weirdness & Mutations

You are too large for most types of armour.
You have claws for hands.
Your natural rate of healing is unusually fast.
You are covered in fur. (AC +1)
You have tough skin. (AC +1)


Message History

You are too injured to fight recklessly!
You are too injured to fight recklessly!
You are too injured to fight recklessly!
You are too injured to fight recklessly!
You closely miss the hound.
The hound is severely wounded.
The sentinel's mark upon you fades away.
The hound closely misses you. You block the scorpion's attack.
The scorpion stings you.
You are poisoned.
The scorpion poisons you! The hound barely misses you.
The scorpion barely misses you.
You closely miss the hound.
The hound is severely wounded.
You feel sick. The scorpion stings you! The hound bites you.
You block the scorpion's attack. The scorpion stings you!
You are more poisoned.
The scorpion poisons you!
You closely miss the hound.
The hound is severely wounded.
You are no longer corroded.
You feel very sick. The hound misses you. The hound bites you.
You block the scorpion's attack. The scorpion stings you.
* * * LOW HITPOINT WARNING * * *
You are more poisoned.
The scorpion poisons you!
You claw the hound!
You kill the hound!
You feel very sick. The scorpion stings you.
* * * LOW HITPOINT WARNING * * *
The scorpion stings you.
* * * LOW HITPOINT WARNING * * *
You are more poisoned.
The scorpion poisons you!
* * * LOW HITPOINT WARNING * * *
You feel extremely sick. The scorpion stings you.
You die...

.<.......#.#.#.#...#
##.##.#..##..#..##.##
#....#...#......#
#>...#...#.###..#
..........#......#
..................#
##.......#lh#####..###
###.#....B.s.s......#
....#.#.#@###..###
[...#.#.#......#
#####.## #.# #.# #.#
..


You could see 2 scorpions, a bombardier beetle, an iguana and a jackal.

Vanquished Creatures
  Sigmund (D:2)
  A steam dragon (D:4)
  Edmund (D:4)
  Menkaure (D:4)
  A sky beast (D:4)
  A phantom (D:4)
  3 hounds
  An orc priest (D:4)
  2 bombardier beetles (D:4)
  A jelly (D:5)
  A sleepcap (D:5)
  Jessica (D:3)
  Ijyb (D:4)
  Terence (D:3)
  An iguana (D:4)
  An orc wizard (D:5)
  Robin (D:3)
  7 adders
  2 dart slugs
  4 ribbon worms
  7 orcs
  9 endoplasms
  A giant cockroach (D:4)
  20 goblins
  6 hobgoblins
  4 jackals
  6 quokkas
  5 ball pythons
  3 bats
  5 frilled lizards
  4 kobolds
  4 rats
107 creatures vanquished.

Vanquished Creatures (collateral kills)
  Blork the orc (D:4)
1 creature vanquished.

Grand Total: 108 creatures vanquished

Notes
Turn   | Place    | Note
-------+----------+-------------------------------------------
     0 | D:1      | hikkokomori the Troll Fighter began the quest for the Orb.
     0 | D:1      | Reached XP level 1. HP: 22/22 MP: 0/0
   176 | D:1      | Reached XP level 2. HP: 29/29 MP: 1/1
   638 | D:1      | Reached XP level 3. HP: 36/36 MP: 2/2
   946 | D:2      | Noticed Sigmund
   963 | D:2      | Killed Sigmund
   964 | D:2      | Reached XP level 4. HP: 35/45 MP: 3/3
   964 | D:2      | Reached XP level 5. HP: 41/53 MP: 4/4
  1398 | D:3      | Noticed Robin
  1477 | D:3      | Killed Robin
  1478 | D:3      | Reached XP level 6. HP: 50/61 MP: 5/5
  1499 | D:3      | Learned a level 2 spell: Blink
  1502 | D:3      | Learned a level 2 spell: Call Imp
  1636 | D:3      | Noticed Jessica
  1639 | D:3      | Killed Jessica
  1908 | D:3      | Noticed Terence
  1918 | D:3      | Killed Terence
  1975 | D:4      | Noticed Menkaure
  1984 | D:4      | Killed Menkaure
  2127 | D:4      | Noticed Ijyb
  2132 | D:4      | Reached XP level 7. HP: 70/70 MP: 6/6
  2140 | D:4      | Killed Ijyb
  2315 | D:4      | Reached skill level 1 in Evocations
  2533 | D:4      | Noticed a steam dragon
  2543 | D:4      | Killed a steam dragon
  2700 | D:4      | Noticed Edmund
  2709 | D:4      | Killed Blork the orc
  2741 | D:4      | Killed Edmund
  2944 | D:4      | Found an opulent altar of Gozag.
  3254 | D:5      | Entered Level 5 of the Dungeon
  3278 | D:4      | Reached XP level 8. HP: 34/78 MP: 7/7
  3437 | D:5      | Slain by a scorpion

Illustrated notes

Levels and vault maps discovered:
D:1:      amcnicky_arrival_gap_in_the_tavern_cellar, layout_basic,
          minmay_misc_feat_square, glass_columns_b, minmay_pentomino_v2
D:2:      layout_loops_cross, serial_rivers, chequers_serial_rivers_marsh,
          chequers_serial_rivers_micro_b, chequers_serial_rivers_small_a,
          chequers_serial_rivers_micro_c, kennysheep_cross_room,
          grunt_decor_cap, kennysheep_generic_room_12, uniq_sigmund
D:3:      layout_rooms, minmay_misc_feat_tower, kennysheep_generic_room_13,
          uniq_terence, uniq_robin, uniq_jessica
D:4:      layout_layer_cave, kennysheep_mini_moat, serial_rivers,
          chequers_serial_rivers_large_b, chequers_serial_rivers_room_a,
          chequers_serial_rivers_small_3, chequers_serial_rivers_micro_b,
          chequers_serial_rivers_room_a, chequers_serial_rivers_large_a,
          uniq_blork_the_orc, uniq_ijyb, uniq_menkaure, uniq_edmund
D:5:      layout_basic, st_stairs_8

Skill      XL: |  1  2  3  4  5  6  7  8 |
---------------+-------------------------+-----
Shields        | 3 4 |  4.1
Fighting       | 3 4 |  4.0
Dodging        | 3 |  3.0
Unarmed Combat | 3 4 |  4.0
Throwing       | 2 4 |  4.0
Evocations     | 3 4 |  4.3

Action                     |  1- 3 |  4- 6 |  7- 9 || total
---------------------------+-------+-------+-------++-------
  Melee: Unarmed           |   102 |   109 |    82 ||   293
  Throw: Boomerang         |       |    21 |    19 ||    40
  Evoke: Wand              |       |       |     2 ||     2
    Use: Potion            |     1 |       |       ||     1
   Stab: Sleeping          |     1 |       |       ||     1
 Armour: Robe              |    59 |    76 |    63 ||   198
  Dodge: Dodged            |    29 |    44 |    33 ||   106
  Block: Kite shield       |    28 |    61 |    35 ||   124

Table legend: (Time is in decaauts)
 A = Elapsed time spent in this place.
 B = Non-inter-level travel time spent in this place.
 C = Inter-level travel time spent in this place.
 D = Time resting spent in this place.
 E = Time spent auto-exploring this place.
 F = Levels seen in this place.
 G = Mean time per level.
                   A        B        C        D        E       F      G
               +--------+--------+--------+--------+--------+-----+--------+
         Total |   3468 |   3383 |     85 |     72 |   2504 |   5 |  693.6 |
       Dungeon |   3468 |   3383 |     85 |     72 |   2504 |   5 |  693.6 |
               +--------+--------+--------+--------+--------+-----+--------+

Top non-repeatable levels by time:
     D:4: 1395 daAuts
     D:2: 805 daAuts
     D:1: 668 daAuts
     D:3: 516 daAuts
     D:5: 82 daAuts
